 Dungeon Crawl Stone Soup version 0.31-a0-354-g827e0957a7 (webtiles) character file.

Game seed: 17119812037667706596

74 Locuples the Chopper (level 4, 0/36 HPs)
             Began as a Demonspawn Berserker on July 24, 2023.
             Was a Believer of Trog.
             Slain by a cerulean imp
             ... wielding a +1 spear
             ... summoned by Natasha
              (1 damage)
             ... on level 2 of the Dungeon.
             The game lasted 00:02:09 (848 turns).

Locuples the Chopper (Demonspawn Berserker)          Turns: 848, Time: 00:02:09

Health: 0/36       AC:  2    Str: 20    XL:     4   Next: 10%
Magic:  4/4        EV: 12    Int:  8    God:    Trog [**....]
Gold:   69         SH:  0    Dex: 12    Spells: 3/3 levels left

rFire   . . .        a - +0 hand axe
rCold   . . .        (no shield)
rNeg    . . .        b - +0 animal skin
rPois   .            (no helmet)
rElec   .            (no cloak)
rCorr   .            (no gloves)
SInv    .            (no boots)
Will    .....        (no amulet)
Stlth   +            (no ring)
HPRegen 0.26/turn    (no ring)
MPRegen 0.09/turn

%: no passive effects
@: no status effects
A: foul stench 1
a: Renounce Religion, Berserk, Trog's Hand


You were on level 2 of the Dungeon.
You worshipped Trog.
Trog was pleased with you.
You visited 1 branch of the dungeon, and saw 2 of its levels.

You collected 69 gold pieces.

Inventory:

Hand Weapons
 a - a +0 hand axe (weapon)
Armour
 b - a +0 animal skin (worn)
Scrolls
 c - a scroll of teleportation {unknown}
 d - 3 scrolls of identify {unknown}
 f - a scroll of noise {unknown}
 g - a scroll of poison {unknown}
Potions
 e - a potion of degeneration {unknown}
 h - a potion of curing {unknown}


   Skills:
 + Level 3.6 Fighting
 * Level 4.0 Axes
 + Level 2.0 Armour
 - Level 1.7 Dodging


You had 3 spell levels left.
You didn't know any spells.
Your spell library was empty.

Dungeon Overview and Level Annotations

Branches:
Dungeon (2/15)

Altars:
Fedhas

Annotations:
D:2 Natasha


Innate Abilities, Weirdness & Mutations

You may rarely emit foul miasma when damaged in melee.


Message History

A dart slug and Natasha come into view.
Natasha is carrying a wand of flame.
Natasha moves out of view.
A dart slug is nearby!
Natasha hisses angrily.
The dart slug launches a dart at you. The slug dart misses you.
The dart slug launches a dart at you. The slug dart hits you.
You see here a fizzy orange potion.
h - a fizzy orange potion A rat comes into view.
The dart slug launches a dart at you. The slug dart hits you.
You hit the dart slug but do no damage. You slash the dart slug!
The dart slug is severely wounded.
The dart slug barely misses you.
Natasha casts a spell.
Natasha closely misses you.
The dart slug briefly extends its eye-stalks.
The dart slug bites you. The cerulean imp closely misses you.
You barely miss Natasha. You miss the cerulean imp.
You hit the dart slug but do no damage.
Natasha zaps a wand.
The puff of flame hits you! The dart slug bites you.
The cerulean imp hits you with a +1 spear.
You barely miss Natasha. You hit the dart slug.
You kill the dart slug!
Trog accepts your kill.
You barely miss the cerulean imp. Natasha claws you.
* * * LOW HITPOINT WARNING * * *
The cerulean imp hits you with a +1 spear.
* * * LOW HITPOINT WARNING * * *
You hit Natasha.
Natasha is lightly wounded.
You hit the cerulean imp but do no damage.
Natasha casts a spell at you. The magic dart hits you!
* * * LOW HITPOINT WARNING * * *
The cerulean imp hits you with a +1 spear.
You die...

#.....#.....#
.....##.....+.###..
####.##.....# .#..
.. #...^....# ....
... ###...#+####...
#.##
#.....###...###...#
#.#...#...#r.#..#..
#.###....###h..##
#....##...#@.#
####...##..5.##
#.......#>...#
###...).......##
#........####.#
#.........# #.#
#........#.#...
#........####...
#....###.. .....


You could see Natasha, a cerulean imp (summoned) and a rat.

Vanquished Creatures
  Natasha (D:2)
  3 dart slugs
  4 endoplasms
  2 giant cockroaches (D:1)
  3 goblins (D:1)
  6 hobgoblins
  6 jackals (D:1)
  2 quokkas (D:1)
  5 ball pythons
  2 bats (D:1)
  A frilled lizard (D:1)
  A kobold (D:2)
  3 rats
39 creatures vanquished.

Notes
Turn   | Place    | Note
-------+----------+-------------------------------------------
     0 | D:1      | Locuples the Demonspawn Berserker began the quest for the
                  | Orb.
     0 | D:1      | Reached XP level 1. HP: 18/18 MP: 1/1
    53 | D:1      | Reached skill level 3 in Axes
    54 | D:1      | Gained mutation: You may rarely emit foul miasma when
                  | damaged in melee. [demonic ancestry]
    54 | D:1      | Reached XP level 2. HP: 18/24 MP: 2/2
   168 | D:1      | Found a faded altar of an unknown god.
   310 | D:1      | Reached ** piety under Trog
   311 | D:1      | Reached XP level 3. HP: 29/29 MP: 3/3
   670 | D:2      | Found a blossoming altar of Fedhas.
   683 | D:2      | Noticed Natasha
   690 | D:2      | Killed Natasha
   784 | D:2      | Reached skill level 4 in Axes
   784 | D:2      | Reached XP level 4. HP: 35/35 MP: 4/4
   836 | D:2      | Noticed Natasha
   848 | D:2      | HP: 1/36 [Natasha/magic dart (7)]
   848 | D:2      | Slain by a cerulean imp

Illustrated notes

Levels and vault maps discovered:
D:1:      dpeg_arrival_line_fractal, layout_basic,
          hellmonk_ecumenical_altar_blasted, minmay_misc_feat_ornament
D:2:      layout_basic, serial_glass, glass_columns_c, glass_columns_b,
          item_on_display_a, minmay_strange_pillars, basic_altar,
          minmay_misc_feat_tiny, uniq_natasha

Skill      XL: |  1  2  3 |
---------------+----------+-----
Axes           | 3 4 |  4.0
Armour         | 2 |  2.0
Fighting       | |  3.6
Dodging        | |  1.7

Action                     |  1- 3 |  4- 6 || total
---------------------------+-------+-------++-------
  Melee: Hand axe          |    95 |    13 ||   108
 Invoke: Berserk           |     2 |       ||     2
 Armour: Animal skin       |    16 |     2 ||    18
  Dodge: Dodged            |    61 |     7 ||    68

Table legend: (Time is in decaauts)
 A = Elapsed time spent in this place.
 B = Non-inter-level travel time spent in this place.
 C = Inter-level travel time spent in this place.
 D = Time resting spent in this place.
 E = Time spent auto-exploring this place.
 F = Levels seen in this place.
 G = Mean time per level.
                   A        B        C        D        E       F      G
               +--------+--------+--------+--------+--------+-----+--------+
         Total |    878 |    847 |     31 |     70 |    508 |   2 |  439.0 |
       Dungeon |    878 |    847 |     31 |     70 |    508 |   2 |  439.0 |
               +--------+--------+--------+--------+--------+-----+--------+

Top non-repeatable levels by time:
     D:1: 688 daAuts
     D:2: 190 daAuts
